 Dungeon Crawl Stone Soup version 0.28.0-43-g3370ac3207 (webtiles) character file.

Game seed: 2164452228375190723

4598 H0rd4k the Thaumaturge (level 10, -3/52 HPs)
             Began as a Deep Elf Hedge Wizard on Mar 16, 2022.
             Was an Initiate of Gozag.
             Engulfed by a cloud of flame (9 damage)
             ... on level 9 of the Dungeon.
             The game lasted 00:28:52 (16171 turns).

H0rd4k the Thaumaturge (Deep Elf Hedge Wizard)     Turns: 16171, Time: 00:28:53

Health: -3/52      AC:  6    Str: 10    XL:     10   Next: 19%
Magic:  13/29      EV: 14    Int: 24    God:    Gozag
Gold:   701        SH:  0    Dex: 20    Spells: 23/35 levels left

rFire   + . .      SeeInvis .   v - staff of earth
rCold   . . .      Faith    .   (no shield)
rNeg    . . .      Spirit   .   h - +1 robe of the Stone Wall {Will+}
rPois   .          Reflect  .   c - +0 hat
rElec   .          Harm     .   (no cloak)
rCorr   .          Rampage  .   b - +1 pair of gloves {Str+3}
Will    ++...                   D - +0 pair of boots {Stlth+}
Stlth   ++++......              y - amulet of the acrobat
HPRegen 0.17/turn               f - +6 ring of dexterity
MPRegen 0.21/turn               x - ring of protection from fire

@: gold aura, on blink cooldown
A: no striking features
a: Renounce Religion, Potion Petition, Call Merchant, Bribe Branch


You were on level 9 of the Dungeon.
You worshipped Gozag.
Gozag was pleased with you.
You visited 2 branches of the dungeon, and saw 11 of its levels.

You collected 1170 gold pieces.
You spent 345 gold pieces at shops.
You paid 124 gold pieces to Gozag.

Inventory:

Hand Weapons
 a - a +1 dagger of venom
Armour
 b - a +1 pair of gloves of strength (worn)
 c - a +0 hat (worn)
 h - the +1 robe of the Stone Wall (worn) {Will+}
   (You took it off a centaur on level 9 of the Dungeon)

   Will:      It increases your willpower.
 D - a +0 pair of boots of stealth (worn)
 E - a +3 leather armour
Magical Staves
 v - a staff of earth (weapon)
Jewellery
 f - a +6 ring of dexterity (left hand)
 x - a ring of protection from fire (right hand)
 y - an amulet of the acrobat (around neck)
Wands
 g - a wand of paralysis (4)
 k - a wand of digging (8)
 l - a wand of flame (20)
 C - a wand of charming (9)
Scrolls
 d - 2 scrolls of enchant weapon
 j - a scroll of magic mapping {unknown}
 o - 2 scrolls of fear
 q - 2 scrolls of enchant armour
 s - 2 scrolls of summoning
 z - a scroll of immolation {unknown}
 A - a scroll of teleportation {unknown}
 F - a scroll of identify
Potions
 i - a potion of ambrosia
 m - a potion of mutation {unknown}
 n - 3 potions of magic
 p - 4 potions of lignification
 r - 3 potions of brilliance
 t - a potion of flight
 u - 2 potions of heal wounds
 w - a potion of attraction {unknown}
 B - 2 potions of invisibility


   Skills:
 + Level 1.2 Fighting
 + Level 1.2 Armour
 + Level 3.6 Dodging
 + Level 3.0 Stealth
 + Level 13.4 Spellcasting
 + Level 8.4 Conjurations
 + Level 1.2 Summonings
 + Level 3.2 Translocations
 + Level 4.8 Fire Magic
 + Level 2.5 Air Magic
 + Level 3.1 Poison Magic
 + Level 1.7 Evocations


You had 23 spell levels left.
You knew the following spells:

 Your Spells              Type           Power      Damage    Failure   Level
a - Magic Dart            Conj           100%       1d8       1%          1
b - Blink                 Tloc           62%        N/A       1%          2
c - Conjure Flame         Conj/Fire      48%        6-21      1%          3
d - Mephitic Cloud        Conj/Pois/Air  38%        N/A       1%          3
e - Lesser Beckoning      Tloc           31%        N/A       3%          3

Your spell library contained the following spells:

 Spells                   Type           Power      Damage    Failure   Level
 Apportation              Tloc           62%        N/A       1%          1
 Foxfire                  Conj/Fire      100%       2x1d9     1%          1
 Summon Small Mammal      Summ           88%        N/A       2%          1
 Flame Wave               Conj/Fire      48%        2d10      2%          4
 Animate Skeleton         Necr           32%        N/A       3%          1
 Slow                     Hex            64%        N/A       3%          1
 Call Imp                 Summ           22%        N/A       3%          2
 Corpse Rot               Necr/Air       44%        N/A       3%          2
 Gell's Gravitas          Tloc           31%        N/A       3%          3
 Teleport Other           Tloc           31%        N/A       3%          3
 Inner Flame              Hex/Fire       27%        N/A       4%          3
 Sublimation of Blood     Necr           16%        N/A       5%          2
 Ozocubu's Armour         Ice            16%        N/A       11%         3
 Irradiate                Conj/Tmut      18%        3d20      19%         5
 Dispel Undead            Necr           16%        3d10      36%         4
 Petrify                  Tmut/Erth      24%        N/A       36%         4
 Death Channel            Necr           8%         N/A       99%         6
 Ozocubu's Refrigeration  Ice            8%         4d6       100%        7


Dungeon Overview and Level Annotations

Branches:
Dungeon (10/15)            Temple (1/1) D:5
   Lair: D:8-11         Orc: D:9-12

Altars:
Ashenzari
Cheibriados
Dithmenos
Elyvilon
Fedhas
Gozag
Hepliaklqana
Kikubaaqudgha
Makhleb
Nemelex Xobeh
Okawaru
Qazlal
Ru
Sif Muna
Trog
Uskayaw
Vehumet
Wu Jian
Xom
Yredelemnul
Zin
The Shining One

Shops:
D:1 :   D:2 *   D:3 (   D:6 *   D:8 (   D:9 !

Annotations:
D:6 exclusion: upstairs
D:8 exclusion: downstairs, Joseph
D:9 exclusions: downstairs and vampire


Message History

The wyvern appears confused.
The magic dart hits the wyvern!
The wyvern is moderately wounded.
The wyvern is engulfed in blazing flames.
The wyvern closely misses you.
The magic dart hits the wyvern.
The wyvern is severely wounded.
The wyvern is engulfed in blazing flames.
You kill the wyvern!
A kobold is nearby!
The magic dart hits the kobold.
The kobold is moderately wounded.
The magic dart hits the kobold!
You kill the kobold!
The magic dart hits the two-headed ogre.
The two-headed ogre is lightly wounded.
Casting: Magic Dart (safe; 1% risk of failure)
Confirm with . or Enter, or press ? or * to list all spells.
The fire begins to smoulder!
The two-headed ogre is engulfed in blazing flames.
The fire ignites!
Casting: Conjure Flame (safe; 1% risk of failure)
Confirm with . or Enter, or press ? or * to list all spells.
Aiming: Mephitic Cloud (safe; 1% risk of failure)
Press: ? - help, Shift-Dir - straight line, f/p - two-headed ogre
Aim: a two-headed ogre, wielding a +0 giant spiked club and a +0 giant club (moderately wounded, chance to affect: 53%)
The ball explodes into a vile cloud!
The stinking cloud engulfs the two-headed ogre but does no damage.
The two-headed ogre is moderately wounded.
The two-headed ogre is engulfed in noxious fumes.
The two-headed ogre is engulfed in blazing flames.
The two-headed ogre hits you with a +0 giant spiked club!!
Ouch! That really hurt!
The two-headed ogre hits you with a +0 giant club!
* * * LOW HITPOINT WARNING * * *
Casting: Mephitic Cloud (safe; 1% risk of failure)
Confirm with . or Enter, or press ? or * to list all spells.
You blink.
You are engulfed in blazing flames.
You resist.
You die...
Your body crumbles into a pile of gold.

#.#.##............###..##
#.#.######...##...####.##
#.#(# ######.#........ #.#.#
#####.#...##### #.#.#
#.........#...# #.#.#
#.###.##..#.o.# #(#.#
##.###.##..#...#
####...######...##.##..#.>.#
#.....<§O☼○@...........#...#
#.##.#######$...##.###.#####
#.##.#######.#.###.####.....
#....(.#..##..##..##.####.##
#..###...##........#.# #...
#..# #..##...........#######
#..###...#..................
#......#..#..>.....#.#####.#
#.#.#####.#........#.# ##.##


You could see a two-headed ogre.

Vanquished Creatures
  A two-headed ogre (D:9)
  2 wyverns (D:9)
  Sigmund (D:2)
  An acid dragon (D:9)
  A black bear (D:4)
  4 ice beasts
  A hornet zombie (D:9)
  2 necrophages
  5 centaurs
  A phantom (D:5)
  2 kobold brigands
  4 scorpions
  4 bullfrogs
  A wyvern zombie (D:8)
  A wyvern skeleton (D:7)
  3 jellies
  5 killer bees (D:9)
  4 howler monkeys
  A centaur zombie (D:9)
  A bullfrog skeleton (D:6)
  5 hounds
  A centaur skeleton (D:4)
  6 orc priests
  A gnoll shaman (D:5)
  Terence (D:3)
  5 iguanas
  4 orc wizards
  A howler monkey zombie (D:5)
  Robin (D:3)
  5 gnolls
  6 adders
  A white imp (D:7)
  2 ufetubi
  An adder skeleton (D:4)
  A dart slug (D:3)
  13 orcs
  5 endoplasms
  6 giant cockroaches
  14 goblins
  6 hobgoblins
  4 jackals
  3 quokkas
  6 ball pythons
  4 bats
  2 frilled lizards
  27 kobolds
  4 rats
180 creatures vanquished.

Vanquished Creatures (collateral kills)
  A water moccasin (D:6)
1 creature vanquished.

Vanquished Creatures (others)
  2 kobolds (D:9)
  75 plants
77 creatures vanquished.

Grand Total: 258 creatures vanquished

Notes
Turn   | Place    | Note
-------+----------+-------------------------------------------
     0 | D:1      | H0rd4k the Deep Elf Hedge Wizard began the quest for the
                  | Orb.
     0 | D:1      | Reached XP level 1. HP: 10/10 MP: 7/7
    25 | D:1      | Noticed a bullfrog
   424 | D:1      | Reached XP level 2. HP: 15/15 MP: 0/9
   540 | D:1      | Reached skill level 5 in Spellcasting
   722 | D:1      | Found Herocos's Book Shop.
  1002 | D:1      | Found a faded altar of an unknown god.
  1876 | D:2      | Reached XP level 3. HP: 10/19 MP: 2/11
  2097 | D:2      | Learned a level 2 spell: Blink
  2101 | D:2      | Learned a level 3 spell: Conjure Flame
  2105 | D:2      | Learned a level 3 spell: Mephitic Cloud
  2135 | D:2      | Found Zempivon's Assorted Antiques.
  2241 | D:2      | Noticed Sigmund
  2417 | D:3      | Noticed Robin
  2425 | D:3      | Found Pyustrya's Weapon Emporium.
  2813 | D:3      | Reached skill level 6 in Spellcasting
  2813 | D:3      | Reached XP level 4. HP: 24/24 MP: 1/14
  3124 | D:3      | Noticed Terence
  3293 | D:4      | Noticed a black bear
  3427 | D:4      | Noticed a scorpion
  3453 | D:4      | Reached XP level 5. HP: 28/28 MP: 1/15
  3601 | D:4      | Reached skill level 1 in Air Magic
  3643 | D:4      | Reached skill level 1 in Fire Magic
  3643 | D:4      | Reached skill level 1 in Poison Magic
  3929 | D:3      | Killed Terence
  3930 | D:3      | Reached skill level 7 in Spellcasting
  3930 | D:3      | Reached XP level 6. HP: 33/33 MP: 2/18
  4136 | D:3      | Killed Robin
  4638 | D:5      | Entered Level 5 of the Dungeon
  5449 | D:6      | Reached XP level 7. HP: 37/37 MP: 14/20
  5655 | D:6      | Reached skill level 8 in Spellcasting
  6135 | D:6      | Found Bybb's Assorted Antiques.
  6187 | D:6      | Reached skill level 1 in Fighting
  6187 | D:6      | Reached skill level 9 in Spellcasting
  6245 | D:6      | Reached XP level 8. HP: 43/43 MP: 10/23
  6706 | D:6      | Reached skill level 5 in Conjurations
  7261 | D:5      | Reached skill level 10 in Spellcasting
  7461 | D:5      | Found a staircase to the Ecumenical Temple.
  7468 | Temple   | Entered the Ecumenical Temple
  7596 | Temple   | Became a worshipper of Gozag Ym Sagoz the Greedy
  8080 | D:4      | Found an ancient bone altar of Kikubaaqudgha.
  9515 | D:7      | Reached skill level 11 in Spellcasting
  9534 | D:7      | Reached XP level 9. HP: 47/47 MP: 8/26
 10736 | D:8      | Learned a level 3 spell: Lesser Beckoning
 11029 | D:8      | Found Rudghaami's Weapon Shop.
 11104 | D:8      | Reached skill level 12 in Spellcasting
 11191 | D:8      | Noticed Joseph
 12775 | D:5      | Identified the +2 plate armour of Comong {Will+ Str+4
                  | Stlth+}
 12851 | D:2      | Bought a pair of glowing boots for 195 gold pieces
 13021 | D:6      | Bought a pair of runed gloves for 150 gold pieces
 13146 | D:2      | Killed Sigmund
 13751 | D:9      | Noticed a two-headed ogre
 13813 | D:9      | Reached skill level 1 in Evocations
 14000 | D:9      | Identified the +1 robe of the Stone Wall {Will+}
 14860 | D:9      | Noticed a two-headed ogre
 14874 | D:9      | Killed a two-headed ogre
 14875 | D:9      | Reached skill level 1 in Armour
 14875 | D:9      | Reached skill level 13 in Spellcasting
 14875 | D:9      | Reached XP level 10. HP: 36/52 MP: 11/29
 15023 | D:9      | Found Tymm's Distillery.
 15847 | D:10     | Entered Level 10 of the Dungeon
 16171 | D:9      | Engulfed by a cloud of flame

Illustrated notes

Levels and vault maps discovered:
D:1:      evilmike_arrival_come_back, layout_loops_corners,
          ebering_ecumenical_altar_hall, serial_shops, nicolae_shop_trees,
          nicolae_figureground_sparkle
D:2:      layout_rooms, serial_shops, nicolae_shop_overgrown_old_shop,
          minmay_misc_feat_secret_circle, uniq_sigmund
D:3:      layout_rooms, serial_shops, nicolae_shop_crystal, uniq_robin,
          uniq_terence
D:4:      layout_rooms, mainiacjoe_overflow_small_starburst
D:5:      layout_cave_pools, minmay_temple_entry_nine_rooms,
          minmay_misc_feat_enclosed
D:6:      layout_basic, serial_shops, shop
D:7:      minmay_evil_eye, layout_basic
D:8:      layout_basic, serial_shops, nicolae_inconvenience_store, uniq_joseph
D:9:      kennysheep_kobold_camp, layout_loops_ring, st_stairs_5,
          nicolae_take_the_stairs
D:10:     nicolae_cairo_tiling_very_big, layout_layer_cave, orc_0_dummy
Temple:   mainiacjoe_temple_hex_bubbles

Skill      XL: |  1  2  3  4  5  6  7  8  9 |
---------------+----------------------------+-----
Spellcasting   | 5 6 7 9 11 13 | 13.4
Conjurations   | 2 3 4 6 8 |  8.4
Air Magic      | 1 2 |  2.5
Fire Magic     | 1 2 3 4 |  4.8
Poison Magic   | 1 2 3 |  3.1
Dodging        | 3 |  3.6
Translocations | 2 3 |  3.2
Fighting       | 1 |  1.2
Evocations     | 1 |  1.7
Armour         | 1 |  1.2
Stealth        | 3 |  3.0
Summonings     | |  1.2

Action                   |  1- 3 |  4- 6 |  7- 9 | 10-12 || total
-------------------------+-------+-------+-------+-------++-------
Melee: Dagger            |    12 |     2 |       |       ||    14
 Cast: Magic Dart        |    96 |   129 |   456 |    48 ||   729
       Mephitic Cloud    |     2 |     7 |    36 |     4 ||    49
       Conjure Flame     |     1 |    11 |    41 |     6 ||    59
       Blink             |       |     8 |    17 |     4 ||    29
Evoke: Wand              |       |       |     4 |     3 ||     7
  Use: Scroll            |       |       |    14 |     1 ||    15
       Potion            |       |       |     2 |       ||     2
Armor: Robe              |    10 |     6 |     4 |     2 ||    22
       Leather armour    |       |       |    15 |       ||    15
Dodge: Dodged            |    32 |    13 |    91 |    11 ||   147
